 Dungeon Crawl Stone Soup version 0.27-a0-1595-g0b823d0a13 (webtiles) character file.

Game seed: 17367143454682456254

36 Sabo the Ducker (level 3, -8/27 HPs)
             Began as a Demonspawn Gladiator on July 20, 2021.
             Mangled by Sigmund (9 damage)
             ... on level 2 of the Dungeon.
             The game lasted 00:06:00 (1279 turns).

Sabo the Ducker (Demonspawn Gladiator)              Turns: 1279, Time: 00:06:01

Health: -8/27      AC:  5    Str: 15    XL:     3   Next: 19%
Magic:  3/3        EV: 11    Int:  9    God:
Gold:   43         SH:  0    Dex: 14    Spells: 2/2 levels left

rFire    . . .     SeeInvis .   a - +0 war axe
rCold    . . .     Faith    .   (no shield)
rNeg     + . .     Spirit   .   i - +0 ring mail
rPois    .         Reflect  .   (helmet restricted)
rElec    .         Harm     .   (no cloak)
rCorr    +         Rampage  .   (no gloves)
Will     .....                  (no boots)
Stlth    +.........             (no amulet)
HPRegen  0.09/turn              c - ring of resist corrosion
MPRegen  0.08/turn              m - ring of positive energy

@: no status effects
A: horns 1
a: no special abilities


You were on level 2 of the Dungeon.
You visited 1 branch of the dungeon, and saw 2 of its levels.

You collected 43 gold pieces.

Inventory:

Hand Weapons
 a - a +0 war axe (weapon)
 b - a +0 hunting sling
Missiles
 d - 3 throwing nets (quivered)
 f - 15 sling bullets
 n - 12 bolts
Armour
 i - a +0 ring mail (worn)
Jewellery
 c - a ring of resist corrosion (left hand)
 m - a ring of positive energy (right hand)
Scrolls
 e - a scroll of amnesia {unknown}
 h - a scroll of teleportation {unknown}
 l - a scroll of noise {unknown}
Potions
 j - a potion of resistance {unknown}
 k - a potion of haste {unknown}


   Skills:
 + Level 2.2 Fighting
 + Level 3.1 Axes
 + Level 1.9 Throwing
 + Level 0.1 Armour
 + Level 3.3 Dodging


You had 2 spell levels left.
You didn't know any spells.
Your spell library was empty.

Dungeon Overview and Level Annotations

Branches:
Dungeon (2/15)

Altars:

Annotations:
D:2 Sigmund


Innate Abilities, Weirdness & Mutations

You have a pair of small horns on your head.


Message History

The bat barely misses you. The bat completely misses you.
The bat closely misses you. x2
The bat hits you.
Found 19 stones.
The bat misses you.
Your transformation has ended.
Your +0 war axe unmelds from your body.
Your +0 ring mail unmelds from your body.
Your ring of resist corrosion unmelds from your body.
Your ring of positive energy unmelds from your body.
The bat closely misses you. The bat hits you but does no damage.
You hit the bat.
You kill the bat!
You hit the bat but do no damage. The bat barely misses you.
A kobold comes into view. It is wielding a +0 whip.
You hit the bat.
You kill the bat!
You closely miss the hobgoblin.
The hobgoblin hits you but does no damage.
You barely miss the ball python. You headbutt the ball python.
The ball python is severely wounded.
You slash the hobgoblin!
You kill the hobgoblin!
The ball python bites you. The ball python closely misses you.
You completely miss the ball python.
The ball python is severely wounded.
The ball python bites you but does no damage.
The ball python closely misses you.
The ball python bites you but does no damage.
The ball python barely misses you.
You hit the ball python.
You kill the ball python!
The kobold closely misses you. Something barely misses you.
You see here a bat corpse.
You closely miss the kobold. Your headbutt misses the kobold.
The kobold hits you but does no damage. Something hits you!
* * * LOW HITPOINT WARNING * * *
Something freezes you.
* * * LOW HITPOINT WARNING * * *
The kobold barely misses you. Something hits you!
You die...

#.######## .#
....... .....## #
#.... #
#..###############
###..(..............
#...################
#..K# # ###..@# #
#.....# # #.....# #
..$.....# ......###
...... ...... ....(.
###..


You could see a kobold.

Vanquished Creatures
  A dart slug (D:1)
  5 bats
  An endoplasm (D:1)
  2 giant cockroaches
  2 goblins (D:1)
  4 hobgoblins
  4 jackals (D:1)
  2 kobolds
  2 quokkas
  2 ball pythons
  4 rats
29 creatures vanquished.

Notes
Turn   | Place    | Note
-------+----------+-------------------------------------------
     0 | D:1      | Sabo the Demonspawn Gladiator began the quest for the Orb.
     0 | D:1      | Reached XP level 1. HP: 16/16 MP: 1/1
   183 | D:1      | Gained mutation: You have a pair of small horns on your
                  | head. [demonic ancestry]
   183 | D:1      | Reached XP level 2. HP: 22/22 MP: 2/2
  1063 | D:2      | Reached XP level 3. HP: 27/27 MP: 3/3
  1098 | D:2      | Noticed Sigmund
  1279 | D:2      | HP: 1/27 [something (4)]
  1279 | D:2      | Mangled by Sigmund

Illustrated notes

Levels and vault maps discovered:
D:1:      dpeg_arrival_tiny_d, layout_rooms, fountainhead,
          minmay_small_reverse_x
D:2:      layout_basic, minmay_misc_feat_hallway, minmay_goblin_kobold_house,
          uniq_sigmund

Skill      XL: |  1  2 |
---------------+-------+-----
Dodging        | 3 |  3.3
Axes           | 3 |  3.1
Fighting       | |  2.2
Throwing       | |  1.9
Armour         | |  0.1

Action                   || total
-------------------------++-------
Melee: War axe           ||    51
       Headbutt          ||     5
       Unarmed           ||     7
  Use: Scroll            ||     1
Armor: Leather armour    ||     4
       Ring mail         ||    13
Dodge: Dodged            ||    65

Table legend: (Time is in decaauts)
 A = Elapsed time spent in this place.
 B = Non-inter-level travel time spent in this place.
 C = Inter-level travel time spent in this place.
 D = Time resting spent in this place.
 E = Time spent auto-exploring this place.
 F = Levels seen in this place.
 G = Mean time per level.
                   A        B        C        D        E       F      G
               +--------+--------+--------+--------+--------+-----+--------+
         Total |   1266 |   1266 |      0 |    400 |      0 |   2 |  633.0 |
       Dungeon |   1266 |   1266 |      0 |    400 |      0 |   2 |  633.0 |
               +--------+--------+--------+--------+--------+-----+--------+

Top non-repeatable levels by time:
     D:1: 1064 daAuts
     D:2: 202 daAuts
